 Dungeon Crawl Stone Soup version 0.20-a0-855-gd83b866 (webtiles) character file.

920 EternalSandwich the Carver (level 7, -3/58 HPs)
             Began as a Minotaur Monk on Mar 12, 2017.
             Was a Believer of Wu Jian.
             Killed from afar by an orc wizard (6 damage)
             ... with a magic dart
             ... on level 5 of the Dungeon.
             The game lasted 00:12:00 (4276 turns).

EternalSandwich the Carver (Minotaur Monk)          Turns: 4276, Time: 00:12:01

Health: -3/58      AC:  3    Str: 16      XL:     7   Next: 83%
Magic:  6/6        EV: 10    Int:  7      God:    Wu Jian [**....]
Gold:   287        SH:  8    Dex: 10 (14) Spells: 6/6 levels left

rFire    . . .     SeeInvis .   a - +0 falchion
rCold    . . .     Gourm    .   n - +0 leather armour
rNeg     . . .     Faith    .   j - +0 shield
rPois    .         Spirit   .   (helmet restricted)
rElec    .         Reflect  .   (no cloak)
rCorr    +         Harm     .   (no gloves)
MR       .....                  (no boots)
Stlth    +.........             (no amulet)
Regen    0.2/turn               (no ring)
MPRegen  0.1/turn               l - ring of resist corrosion

@: no status effects
A: retaliatory headbutt, horns 2
a: Renounce Religion


You were on level 5 of the Dungeon.
You worshipped Wu Jian.
Wu Jian was pleased with you.
You were not hungry.

You visited 2 branches of the dungeon, and saw 6 of its levels.

You collected 287 gold pieces.

Inventory:

Hand Weapons
 a - a +0 falchion (weapon)
 s - a +0 blowgun
Missiles
 k - a tomahawk of returning (quivered)
 t - 38 poisoned needles
 E - 8 needles of frenzy
Armour
 j - a +0 shield (worn)
 n - a +0 leather armour (worn)
 z - a +0 chain mail
Jewellery
 l - a ring of resist corrosion (left hand)
 y - an uncursed amulet of guardian spirit {unknown}
Scrolls
 b - 2 scrolls of recharging {unknown}
 f - 2 scrolls of magic mapping {unknown}
 h - 5 scrolls of teleportation {unknown}
 i - 3 scrolls of identify {unknown}
 o - a scroll of noise {unknown}
 r - 2 scrolls of enchant weapon {unknown}
 v - 2 scrolls of fog {unknown}
 D - a scroll of remove curse {unknown}
Potions
 d - a potion of magic {unknown}
 e - a potion of agility {unknown}
 g - 2 potions of resistance {unknown}
 p - 3 potions of flight {unknown}
 u - a potion of cancellation {unknown}
 A - a potion of berserk rage {unknown}
 B - a potion of lignification {unknown}
 C - a potion of heal wounds {unknown}
 G - 2 potions of mutation {unknown}
Comestibles
 c - 6 bread rations
 q - a meat ration
 w - a fruit


   Skills:
 - Level 3.9 Fighting
 * Level 10.5 Long Blades
 - Level 3.2 Dodging
 - Level 1.5 Stealth
 - Level 3.4 Shields


You had 6 spell levels left.
You didn't know any spells.

Dungeon Overview and Level Annotations

Branches:
Dungeon (5/15)             Temple (1/1) D:4

Altars:
Ashenzari
Cheibriados
Dithmenos
Fedhas
Gozag
Hepliaklqana
Makhleb
Nemelex Xobeh
Okawaru
Qazlal
Ru
Trog
Uskayaw
Wu Jian
Xom
Yredelemnul
Zin
The Shining One


Innate Abilities, Weirdness & Mutations

You reflexively headbutt those who attack you in melee.
You have a pair of horns on your head.


Message History

Something hits you but does no damage.
You feel better.
You hear some strange, mumbled words.
A puff of flame appears from out of thin air!
The puff of flame hits you!
* * * LOW HITPOINT WARNING * * *
You closely miss something. You miss something. You block something's attack.
You hit something but do no damage. You block something's attack.
You completely miss something. You block something's attack.
Your shield prevents you from hitting something.
You hear some strange, mumbled words.
A magic dart appears from out of thin air!
The magic dart hits you!
* * * LOW HITPOINT WARNING * * *
You miss something.
You hear some strange, mumbled words.
A magic dart appears from out of thin air!
The magic dart hits you!
You die...

#...... #......
####...... ##.........
####### #..##......
#.....# #.# #......
#.....######.###(.<...
##?..........(.....(...
#.....@#######.##......
#....†.# ##....#.###
#....).######...###.#
####.<.....##.#.# #.#
#####........###.###
#...#.............
#l####.).####..##.
#.####...###......
#.##..........##..


There were no monsters in sight!

Vanquished Creatures
  3 ogres
  A centaur (D:5)
  A scorpion (D:5)
  A crimson imp (D:5)
  A quasit (D:4)
  A centaur zombie (D:5)
  A bullfrog zombie (D:5)
  2 hounds
  A bullfrog skeleton (D:4)
  A centaur skeleton (D:4)
  4 worker ants (D:4)
  A hound skeleton (D:4)
  3 gnolls (D:5)
  5 adders
  A shadow imp (D:5)
  3 oozes
  An adder skeleton (D:4)
  2 worms (D:3)
  2 dart slugs
  5 leopard geckos
  9 orcs
  2 ball pythons
  3 giant cockroaches
  3 goblins
  5 hobgoblins
  9 jackals
  7 kobolds
  6 bats
  4 frilled lizards
  A jackal zombie (D:4)
  4 rats
93 creatures vanquished.

Notes
Turn   | Place    | Note
-------+----------+-------------------------------------------
     0 | D:1      | EternalSandwich the Minotaur Monk began the quest for the Orb.
     0 | D:1      | Reached XP level 1. HP: 19/19 MP: 0/0
    79 | D:1      | Reached skill level 4 in Long Blades
   198 | D:1      | Reached XP level 2. HP: 25/27 MP: 1/1
   471 | D:1      | You fall through a shaft!
   478 | D:2      | Reached skill level 1 in Shields
   478 | D:2      | Reached XP level 3. HP: 33/33 MP: 2/2
   712 | D:2      | Reached skill level 5 in Long Blades
  1429 | D:3      | Noticed an ogre
  1430 | D:3      | Reached XP level 4. HP: 34/40 MP: 3/3
  1438 | D:3      | Killed an ogre
  1438 | D:3      | Reached skill level 6 in Long Blades
  1438 | D:3      | Reached XP level 5. HP: 19/46 MP: 4/4
  2679 | D:4      | Reached skill level 7 in Long Blades
  2717 | D:4      | Found a staircase to the Ecumenical Temple.
  2774 | D:4      | Reached XP level 6. HP: 38/52 MP: 5/5
  2814 | Temple   | Entered the Ecumenical Temple
  3222 | D:4      | Found a stormy altar of Qazlal.
  3344 | D:4      | Found an ornate altar of the Wu Jian Council.
  3344 | D:4      | Found a sparkling altar of Nemelex Xobeh.
  3347 | D:4      | Became a worshipper of the Wu Jian Council
  3347 | D:4      | Reached * piety under Wu Jian
  3347 | D:4      | Reached ** piety under Wu Jian
  3380 | D:4      | Reached skill level 8 in Long Blades
  3716 | D:5      | Entered Level 5 of the Dungeon
  3724 | D:5      | Reached XP level 7. HP: 39/58 MP: 6/6
  3759 | D:5      | Reached skill level 9 in Long Blades
  3880 | D:5      | Reached skill level 10 in Long Blades
  4004 | D:5      | HP: 2/58 [quasit (2)]
  4276 | D:5      | Killed from afar by an orc wizard

Vault maps used:
D:1:      tarquinn_simple_flora_water_c
D:2:      grunt_ministairs_7
D:3:      serial_aquarium, aquarium_bridge_straight, aquarium_window_fake,
          aquarium_window_fake, aquarium_window_fake, aquarium_view_2d
D:4:      lemuel_round_altar, gammafunk_temple_overflow_elements,
          minmay_temple_entry_statues, first_bread, kennysheep_generic_room_11
D:5:      hangedman_decor_lopped, uniq_eustachio
Temple:   minmay_freezing_vapour_temple

Skill      XL: |  1  2  3  4  5  6  7 |
---------------+----------------------+-----
Long Blades    | 4 5 6 7 8 10 | 10.5
Shields        | 1 2 3 |  3.4
Fighting       | |  3.9
Dodging        | |  3.2
Stealth        | |  1.5

Action                   |  1- 3 |  4- 6 |  7- 9 || total
-------------------------+-------+-------+-------++-------
Melee: Falchion          |    90 |   124 |   121 ||   335
       Headbutt          |    12 |    30 |    17 ||    59
Throw: Tomahawk          |       |     4 |     2 ||     6
       Throwing net      |       |       |     1 ||     1
  Use: Potion            |       |       |     4 ||     4
 Stab: Sleeping          |     2 |     4 |       ||     6
  Eat: Chunk             |     2 |     7 |     2 ||    11
Armor: Robe              |     7 |       |       ||     7
       Leather armour    |     8 |    11 |    33 ||    52
Dodge: Dodged            |    49 |    39 |    56 ||   144
Block: Shield            |    30 |    51 |    59 ||   140
       Rpst.: Falchion   |     8 |    10 |     8 ||    26
